 Dungeon Crawl Stone Soup version 0.31.0-9-g3a7656b989 (webtiles) character file.

Game seed: 12798036214913837866

16 qw the Ducker (level 2, -1/14 HPs)
             Began as a Spriggan Hunter on Feb 3, 2024.
             Slain by a jackal (3 damage)
             ... on level 1 of the Dungeon.
             The game lasted 00:00:03 (106 turns).

qw the Ducker (Spriggan Hunter)                      Turns: 106, Time: 00:00:04

Health: -1/14      AC:  2    Str:  7    XL:     2   Next: 41%
Magic:  3/3        EV: 19    Int: 10    God:
Gold:   22         SH:  0    Dex: 18    Spells: 1/1 levels left

rFire   . . .        a - +0 shortbow
rCold   . . .        (shield currently unavailable)
rNeg    . . .        c - +0 robe
rPois   .            (helmet restricted)
rElec   .            (no cloak)
rCorr   .            (gloves unavailable)
SInv    +            (boots unavailable)
Will    .....        (no amulet)
Stlth   ++           (no ring)
HPRegen 0.22/turn    (no ring)
MPRegen 0.08/turn

%: no passive effects
@: very quick
A: very small, no large weapons, unfitting armour, see invisible, speed 3
a: no special abilities


You were on level 1 of the Dungeon.
You visited 1 branch of the dungeon, and saw 1 of its levels.

You collected 22 gold pieces.


Innate Abilities, Weirdness & Mutations

You are very small and have problems with some larger weapons.
You are too small for most types of armour.
You have supernaturally acute eyesight. (SInv)
You cover ground extremely quickly. (Speed+++)


   Skills:
 - Level 1.5 Fighting
 + Level 4.0 Ranged Weapons
 - Level 4.1 Dodging
 - Level 1.5 Stealth


You had one spell level left.
You didn't know any spells.
Your spell library was empty.

Inventory:

Hand Weapons
 a - a +0 shortbow (weapon)
Armour
 c - a +0 robe (worn)
Scrolls
 b - a scroll of butterflies
 e - 2 scrolls of poison {unknown}
Potions
 d - a potion of berserk rage {unknown}

Dungeon Overview and Level Annotations

Branches:
Dungeon (1/15)

Altars:


Message History

The kobold hits you with a +0 whip. The jackal barely misses you.
You shoot an arrow. The arrow misses the kobold.
The kobold misses you. The rat bites you. The jackal bites you.
A ball python comes into view.
The kobold hits you with a +0 whip. The rat misses you.
You shoot an arrow. The ball python hisses angrily.
The arrow hits the kobold.
The kobold is severely wounded.
The jackal completely misses you. The jackal closely misses you.
The kobold misses you. The rat closely misses you.
You shoot an arrow. The arrow hits the kobold.
You kill the kobold!
The jackal misses you. The rat bites you but does no damage.
The jackal closely misses you.
You shoot an arrow. The arrow barely misses the jackal.
The jackal closely misses you. The jackal misses you.
The rat closely misses you. The jackal bites you. The jackal misses you.
The jackal completely misses you.
You shoot an arrow. The arrow barely misses the jackal.
The jackal completely misses you. The jackal barely misses you.
The rat barely misses you. The jackal barely misses you. x2
The jackal bites you but does no damage.
You shoot an arrow. The arrow closely misses the jackal.
The jackal completely misses you. The rat closely misses you.
The jackal closely misses you. x2; The jackal misses you.
The rat twitches its whiskers.
The rat bites you.
You shoot an arrow. The arrow hits the jackal.
The jackal is heavily wounded.
The jackal bites you.
The jackal misses you. x3; The jackal closely misses you.
The rat completely misses you. The jackal closely misses you.
You shoot an arrow. The arrow hits the jackal!
You kill the jackal!
The jackal misses you. The jackal barely misses you. The rat misses you.
The jackal misses you.
You shoot an arrow. The arrow hits the jackal.
The jackal is heavily wounded.
The jackal misses you. The jackal bites you.
You die...

##### #####...###
#.........#
###.#.......#
.#..#.......#
............############
#####...................
............###.@)...!..
#####..........hhr......
# ##.##.##....S....... #
#..##.#####....).... #
#.# ).# #.....>... # #
#.# #......[.. # #.
#...>..... # ###.....##
..


You could see 2 jackals, a ball python and a rat.

Vanquished Creatures
  A gnoll (D:1)
  An endoplasm (D:1)
  A jackal (D:1)
  3 kobolds (D:1)
  A ball python (D:1)
  A bat (D:1)
8 creatures vanquished.

Notes
Turn   | Place    | Note
-------+----------+-------------------------------------------
     0 | D:1      | qw the Spriggan Hunter began the quest for the Orb.
     0 | D:1      | Reached XP level 1. HP: 10/10 MP: 2/2
     0 | D:1      | 0 ||| qw: Version: 0.3-a-155-g5e7d8dd
     0 | D:1      | 0 ||| qw: Game counter: 2898
     0 | D:1      | 0 ||| qw: Melee chars always use a shield: true
     0 | D:1      | 0 ||| qw: God list: Okawaru
     0 | D:1      | 0 ||| qw: Allow faded altars: false
     0 | D:1      | 0 ||| qw: Do Orc after clearing Dungeon:15 true
     0 | D:1      | 0 ||| qw: Do second Lair branch before Depths: true
     0 | D:1      | 0 ||| qw: Lair rune preference: random
     0 | D:1      | 0 ||| qw: Goals: Normal
     0 | D:1      | 0 ||| PLANNING D:1-11
    18 | D:1      | Reached skill level 3 in Dodging
    95 | D:1      | Reached XP level 2. HP: 14/14 MP: 3/3
   103 | D:1      | HP: 3/14 [rat (2)]
   106 | D:1      | Slain by a jackal

Levels and vault maps discovered:
D:1:      minmay_arrival_diagonal_passages, layout_rooms,
          minmay_worlds_worst_comb

Skill      XL: |  1 |
---------------+----+-----
Dodging        | 4 |  4.1
Fighting       | |  1.5
Ranged Weapons | |  4.0
Stealth        | |  1.5

Action                     || total
---------------------------++-------
   Fire: Shortbow          ||    32
 Armour: Robe              ||    13
  Dodge: Dodged            ||    39

Table legend:
 A = Non-vault XP
 B = Vault XP
 C = Vault XP percentage of total XP
 D = Non-vault monster count
 E = Vault monster count
 F = Vault count percentage of total count
                 A         B        C        D         E       F
            +---------+---------+-------+---------+---------+-------
      Total |      24 |       0 |   0.0 |       8 |       0 |   0.0
            +---------+---------+-------+---------+---------+-------
        D:1 |      24 |       0 |   0.0 |       8 |       0 |   0.0
            +---------+---------+-------+---------+---------+-------
